Workbook

Sheet Iterm_1_1
B1: MUNICÍPIO DE SANTA ROSA
B2: SECRETARIA DE ADMINISTRAÇÃO E FAZENDA
B3: Departamento de Contabilidade e Finanças
B4: PLANILHA DE CUSTOS PARA SERVIÇOS CONTINUADOS SEM DEDICAÇÃO EXCLUSIVA
B5: Corte de Grama, Limpeza do Pátio, Recolhimento nas áreas Internas das Unidades Escolares Municipais
A6: 1 | B6: MÃO-DE-OBRA | D6: Lote 1 - item 1.1
A7: 1.1 | B7: MÃO-DE-OBRA DIRETA / Calculo Proporcional ao Número de Itens
A8: 1.1.1 | B8: Preposto/Encarregado - Rateio p/ 3 itens
B9: DISCRIMINAÇÃO | C9: UNIDADE | D9: QUANT. | E9: PREÇO | F9: SUB-TOTAL | G9: TOTAL
A10: 1.1.1.1 | B10: Horas Normais | C10: hora | D10: 220 | E10: =F10/D10 -> 6.13 | F10: =4045.46/3 -> 1348.49
A11: 1.1.1.2 | B11: Insalubridade | D11: 0 | E11: =(F10) -> 1348.49 | F11: =F10*D11 -> 0
A12: 1.1.1.3 | E12: SOMA | F12: =F10+F11 -> 1348.49
A14: 1.1.1.4 | B14: Encargos Sociais % | C14: % | D14: =Encargos_Sociais!B35 -> 0.716 | E14: =F12 -> 1348.49 | F14: =E14*D14 -> 965.52
A15: 1.1.1.5 | B15: Total por operário | F15: =SUM(F12:F14) -> 2314.01
A16: 1.1.1.6 | B16: Total do Efetivo | C16: funcionario(a) | D16: 1 | E16: =(F15) -> 2314.01 | F16: =D16*E16 -> 2314.01
B17: Valor a transportar | G17: =(F16) -> 2314.01
A19: 1.1.2 | B19: Auxiliar de serviços Gerais/Jardineiro - Rateio p/ 3 itens
B20: DISCRIMINAÇÃO | C20: UNIDADE | D20: QUANT. | E20: PREÇO | F20: SUB-TOTAL | G20: TOTAL
A21: 1.1.2.1 | B21: Horas Normais | C21: hora | D21: 220 | E21: =F21/D21 -> 2.68 | F21: =1765.86/3 -> 588.62
A22: 1.1.2.2 | B22: Insalubridade | D22: 0.2 | E22: =(F21) -> 588.62 | F22: =F21*D22 -> 117.72
A23: 1.1.2.3 | E23: SOMA | F23: =F21+F22 -> 706.34
A25: 1.1.2.4 | B25: Encargos Sociais % | C25: % | D25: =Encargos_Sociais!B35 -> 0.716 | E25: =F23 -> 706.34 | F25: =E25*D25 -> 505.74
A26: 1.1.2.5 | B26: Total por operário | F26: =SUM(F23:F25) -> 1212.08
A27: 1.1.2.6 | B27: Total do Efetivo | C27: funcionario(a) | D27: 2 | E27: =(F26) -> 1212.08 | F27: =D27*E27 -> 2424.16
B28: Valor a transportar | G28: =(F27) -> 2424.16
A30: 1.1.5 | B30: Motorista - Rateio p/ 3 itens
B31: DISCRIMINAÇÃO | C31: UNIDADE | D31: QUANT. | E31: PREÇO | F31: SUB-TOTAL | G31: TOTAL
A32: 1.1.5.1 | B32: Horas Normais | C32: hora | D32: 220 | E32: =F32/D32 -> 3.72 | F32: =2457/3 -> 819
A33: 1.1.5.2 | B33: Insalubridade | D33: 0.2 | E33: =(F32) -> 819 | F33: =F32*D33 -> 163.8
A34: 1.1.5.3 | E34: SOMA | F34: =F32+F33 -> 982.8
A36: 1.1.5.4 | B36: Encargos Sociais % | C36: % | D36: =Encargos_Sociais!B35 -> 0.716 | E36: =F34 -> 982.8 | F36: =E36*D36 -> 703.68
A37: 1.1.5.5 | B37: Total por operário | F37: =SUM(F34:F36) -> 1686.48
A38: 1.1.5.6 | B38: Total do Efetivo | C38: funcionario(a) | D38: 1 | E38: =(F37) -> 1686.48 | F38: =D38*E38 -> 1686.48
B39: Valor a transportar | G39: =(F38) -> 1686.48
A41: 1.2.1 | B41: Vale Transporte
B42: DISCRIMINAÇÃO | D42: QUANT. | E42: PREÇO | F42: SUB-TOTAL | G42: TOTAL
A43: 1.2.1.1 | B43: =B8 -> Preposto/Encarregado - Rateio p/ 3 itens | G43: =F44-F45 -> 162.93
B44: Vale transporte = 20(med) dias x 4 vales x quant func. | D44: =(20*4)*(D45) -> 80 | E44: 6.5 | F44: =SUM(E44*D44)/3 -> 173.33
B45: Desconto = até 6 % sobre salário basico | D45: =D16 -> 1 | E45: 6% | F45: =(F44*E45) -> 10.4
A46: 1.2.1.2 | B46: =B19 -> Auxiliar de serviços Gerais/Jardineiro - Rateio p/ 3 itens | G46: =F47-F48 -> 325.87
B47: Vale transporte = 20(med) dias x 4 vales x quant func. | D47: =(20*4)*(D48) -> 160 | E47: =E44 -> 6.5 | F47: =SUM(E47*D47)/3 -> 346.67
B48: Desconto = até 6 % sobre salário basico | D48: =D27 -> 2 | E48: 6% | F48: =(F47*E48) -> 20.8
A49: 1.2.1.3 | B49: =B30 -> Motorista - Rateio p/ 3 itens | G49: =F50-F51 -> 162.93
B50: Vale transporte = 20(med) dias x 4 vales x quant func. | D50: =(20*4)*(D51) -> 80 | E50: =E47 -> 6.5 | F50: =SUM(E50*D50)/3 -> 173.33
B51: Desconto = até 6 % sobre salário basico | D51: =D38 -> 1 | E51: 6% | F51: =(F50*E51) -> 10.4
B52: Valor a transportar | G52: =G43+G46+G49 -> 651.73
A54: 1.3.1 | B54: Vale Alimentação
B55: DISCRIMINAÇÃO | D55: QUANT. | E55: PREÇO | F55: SUB-TOTAL | G55: TOTAL
A56: 1.3.1.1 | B56: =B43 -> Preposto/Encarregado - Rateio p/ 3 itens | G56: =F57-F58 -> 146.61
B57: Desp. com Vale alimentação = 20(med) dias x quant func. | D57: =(20)*(D58) -> 20 | E57: 27.15 | F57: =(E57*D57)/3 -> 181
B58: Desconto vale alimentação até 19 % sobre salário basico | D58: =D45 -> 1 | E58: 0.19 | F58: =F57*E58 -> 34.39
A59: 1.3.1.2 | B59: =B46 -> Auxiliar de serviços Gerais/Jardineiro - Rateio p/ 3 itens | G59: =F60-F61 -> 293.22
B60: Desp. com Vale alimentação = 20(med) dias x quant func. | D60: =(20)*(D61) -> 40 | E60: =E57 -> 27.15 | F60: =(E60*D60)/3 -> 362
B61: Desconto vale alimentação até 19 % sobre salário basico | D61: =D48 -> 2 | E61: 0.19 | F61: =F60*E61 -> 68.78
A62: 1.3.1.2 | B62: =B49 -> Motorista - Rateio p/ 3 itens | G62: =F63-F64 -> 146.61
B63: Desp. com Vale alimentação = 20(med) dias x quant func. | D63: =(20)*(D64) -> 20 | E63: =E57 -> 27.15 | F63: =(E63*D63)/3 -> 181
B64: Desconto vale alimentação até 19 % sobre salário basico | D64: =D51 -> 1 | E64: 0.19 | F64: =F63*E64 -> 34.39
B65: Valor a transportar | G65: =G56+G59+G62 -> 586.44
A67: 1.4.1 | B67: Plano Beneficio Familiar
B68: DISCRIMINAÇÃO | D68: QUANT. | E68: PREÇO | F68: SUB-TOTAL | G68: TOTAL
A69: 1.4.1.1 | B69: =B56 -> Preposto/Encarregado - Rateio p/ 3 itens | G69: =F70 -> 8.51
B70: Desp. com Plano Beneficio Familiar = quant func.x preço un | D70: =D16 -> 1 | E70: 25.52 | F70: =(E70*D70)/3 -> 8.51
A71: 1.4.1.2 | B71: =B59 -> Auxiliar de serviços Gerais/Jardineiro - Rateio p/ 3 itens | G71: =F72 -> 17.01
B72: Desp. com Plano Beneficio Familiar = quant func.x preço un | D72: =D27 -> 2 | E72: =E70 -> 25.52 | F72: =(E72*D72)/3 -> 17.01
A73: 1.4.1.3 | B73: =B62 -> Motorista - Rateio p/ 3 itens | G73: =F74 -> 8.51
B74: Desp. com Plano Beneficio Familiar = quant func.x preço un | D74: =D64 -> 1 | E74: =E72 -> 25.52 | F74: =(E74*D74)/3 -> 8.51
B75: Valor a transportar | G75: =G69+G71+G73 -> 34.03
A77: 2 | B77: UNIFORMES E EQUIPAMENTOS DE PROTEÇÃO INDIVIDUAL E COLETIVA
A78: 2.1 | B78: =B69 -> Preposto/Encarregado - Rateio p/ 3 itens
B79: DESCRIÇAO | D79: QUANT./ANO | E79: PREÇO | F79: PREÇO/MÊS | G79: TOTAL
A80: 2.1.1 | B80: Calça | D80: 3 | E80: 72.2 | F80: =(D80)*E80/12/3 -> 6.02
A81: 2.1.2 | B81: Camiseta Longa | D81: 3 | E81: 52.07 | F81: =(D81)*E81/12/3 -> 4.34
A82: 2.1.3 | B82: Capa de chuva | D82: 1 | E82: 31.8 | F82: =(D82)*E82/12/3 -> 0.88
A83: 2.1.4 | B83: Perneira Segurança | D83: 0 | E83: 31.25 | F83: =(D83)*E83/12/3 -> 0
A84: 2.1.5 | B84: Avental de Raspa | D84: 0 | E84: 115.13 | F84: =(D84)*E84/12/3 -> 0
A85: 2.1.6 | B85: Protetor Solar | D85: 2 | E85: 29.74 | F85: =(D85)*E85/12/3 -> 1.65
A86: 2.1.7 | B86: Bone ou Chapeu Pescador | D86: 1 | E86: 30.09 | F86: =(D86)*E86/12/3 -> 0.84
A87: 2.1.8 | B87: Bone Tipo Touca Arabe com Proteçao Facial | D87: 0 | E87: 0 | F87: =(D87)*E87/12/3 -> 0
A88: 2.1.9 | B88: Botina Bico de Aço | D88: 2 | E88: 73.31 | F88: =(D88)*E88/12/3 -> 4.07
A89: 2.1.10 | B89: Protetor Facial com Viseira Incolor | D89: 0 | E89: 0 | F89: =(D89)*E89/12/3 -> 0
A90: 2.1.11 | B90: Protetor Auricular Tipo Concha | D90: 0 | E90: 59.04 | F90: =(D90)*E90/12/3 -> 0
A91: 2.1.12 | B91: Protetor Auricular silicone | D91: 0 | E91: 4.04 | F91: =(D91)*E91/12/3 -> 0
... A96: 2.1.17 | B96: Higienização Uniformes/EPIs | D96: 0 | E96: 100 | F96: =(D96)*E96/12/3 -> 0
B97: Total por operário por mês | F97: =SUM(F80:F96) -> 18.21
B98: Total para o efetivo | D98: =D16 -> 1 | E98: =(F97) -> 18.21 | F98: =SUM(D98*E98) -> 18.21
B99: Valor a transportar | G99: =(F98) -> 18.21
A101: 2 | B101: UNIFORMES E EQUIPAMENTOS DE PROTEÇÃO INDIVIDUAL E COLETIVA
A102: 2.2 | B102: =B71 -> Auxiliar de serviços Gerais/Jardineiro - Rateio p/ 3 itens
B103: DESCRIÇAO | D103: QUANT./ANO | E103: PREÇO | F103: PREÇO/MÊS | G103: TOTAL
A104: 2.2.1 | B104: Calça | D104: 16 | E104: 72.2 | F104: =(D104)*E104/12/3 -> 32.09
A105: 2.2.2 | B105: Camiseta Longa | D105: 16 | E105: 52.07 | F105: =(D105)*E105/12/3 -> 23.14
A106: 2.2.3 | B106: Capa de chuva | D106: 1 | E106: 31.8 | F106: =(D106)*E106/12/3 -> 0.88
A107: 2.2.4 | B107: Perneira Segurança | D107: 4 | E107: 31.25 | F107: =(D107)*E107/12/3 -> 3.47
A108: 2.2.5 | B108: Avental de Raspa | D108: 4 | E108: 115.13 | F108: =(D108)*E108/12/3 -> 12.79
A109: 2.2.6 | B109: Protetor Solar | D109: 12 | E109: 29.74 | F109: =(D109)*E109/12/3 -> 9.91
A110: 2.2.7 | B110: Bone ou Chapeu Pescador | D110: 4 | E110: 30.09 | F110: =(D110)*E110/12/3 -> 3.34
A111: 2.2.8 | B111: Bone Tipo Touca Arabe com Proteçao Facial | D111: 0 | E111: 0 | F111: =(D111)*E111/12/3 -> 0
A112: 2.2.9 | B112: Botina Bico de Aço | D112: 8 | E112: 73.31 | F112: =(D112)*E112/12/3 -> 16.29
A113: 2.2.10 | B113: Protetor Facial com Viseira Incolor | D113: 0 | E113: 0 | F113: =(D113)*E113/12/3 -> 0
A114: 2.2.11 | B114: Protetor Auricular Tipo Concha | D114: 2 | E114: 59.04 | F114: =(D114)*E114/12/3 -> 3.28
...

Sheet Calc_Pess_it_1_1
A1: CALCULO DESPESAS DE PESSOAL DE OPERAÇÃO E OUTROS SERVIÇOS TERCEIROS
A2: Lote 1 - item 1.1
A3: Valor Mensal | E3: =C11+C22 -> 12675.22
A4: Outras despesas de pessoal decorrentes de contratos de terceirização
C6: Valor Mensal | E6: Percentual
A7: item | B7: 1.1 | C7: =Iterm_1_1!G17+Iterm_1_1!G28+Iterm_1_1!G39 -> 6424.65 | E7: =C7/E3 -> 0.5069
A8: item | B8: 1.2 | C8: =Iterm_1_1!G52 -> 651.73 | E8: =C8/E3 -> 0.0514
A9: item | B9: 1.3 | C9: =Iterm_1_1!G65 -> 586.44 | E9: =C9/E3 -> 0.0463
A10: item | B10: 1.4 | C10: =Iterm_1_1!G75 -> 34.03 | E10: =C10/E3 -> 0.0027
A11: Valor Total | C11: =SUM(C7:D10) -> 7696.85 | E11: =SUM(E7:F10) -> 0.6073
A13: Valor Mensal | E13: =E3 -> 12675.22
A14: Outros Serviços de Terceiros
C16: Valor Mensal | E16: Percentual
A17: item | B17: 2.0 | C17: =Iterm_1_1!G99+Iterm_1_1!G123+Iterm_1_1!G147 -> 171.77 | E17: =C17/E3 -> 0.0136
A18: item | B18: 3.0 | C18: =Iterm_1_1!G154 -> 0 | E18: =C18/E3 -> 0
A19: item | B19: 4.0 | C19: =Iterm_1_1!F175+Iterm_1_1!F195+Iterm_1_1!F211+Iterm_1_1!F226+Iterm_1_1!F240 -> 3763.47 | E19: =C19/E3 -> 0.2969
A20: item | B20: 5.0 | C20: =Iterm_1_1!G251+Iterm_1_1!G261 -> 875.09 | E20: =C20/E3 -> 0.069
A21: item | B21: 6.0 | C21: =Iterm_1_1!G276 -> 168.04 | E21: =C21/E3 -> 0.0133
A22: Valor Total | C22: =SUM(C17:D21) -> 4978.37 | E22: =SUM(E17:F21) -> 0.3928
A25: Outras despesas de pessoal decorrentes de contratos de terceirização | G25: Percentual
A26: Valor Sub-Total | E26: =C11 -> 7696.85 | G26: =E26/E32 -> 0.6072
A28: Outros Serviços de Terceiros | G28: Percentual
A29: Valor Sub-Total | E29: =C22 -> 4978.37 | G29: =E29/E32 -> 0.3928
A31: TOTAL GERAL | G31: Percentual
A32: Valor Geral | E32: =E26+E29 -> 12675.22 | G32: =G26+G29 -> 1
A34: obs: | B34: Não está computado o valor de Mark-up
B35: não se enquadra nos itens supracitados
B36: BDI | E36: =Iterm_1_1!F282 -> 2905.16
B38: Total Geral | E38: =E32+E36 -> 15580.38

Sheet Iterm_1_2
B1: MUNICÍPIO DE SANTA ROSA
B2: SECRETARIA DE ADMINISTRAÇÃO E FAZENDA
B3: Departamento de Contabilidade e Finanças
B4: PLANILHA DE CUSTOS PARA SERVIÇOS CONTINUADOS SEM DEDICAÇÃO EXCLUSIVA
B5: Corte de Grama, Limpeza do Pátio, Recolhimento nos Passeios das Unidades Escolares Municipais
A6: 1 | B6: MÃO-DE-OBRA | D6: Lote 1 - item 1.2
A7: 1.1 | B7: MÃO-DE-OBRA DIRETA / Calculo Proporcional ao Número de Itens
A8: 1.1.1 | B8: Preposto/Encarregado - Rateio p/ 3 itens
B9: DISCRIMINAÇÃO | C9: UNIDADE | D9: QUANT. | E9: PREÇO | F9: SUB-TOTAL | G9: TOTAL
A10: 1.1.1.1 | B10: Horas Normais | C10: hora | D10: 220 | E10: =F10/D10 -> 6.13 | F10: =4045.46/3 -> 1348.49
A11: 1.1.1.2 | B11: Insalubridade | D11: 0 | E11: =(F10) -> 1348.49 | F11: =F10*D11 -> 0
A12: 1.1.1.3 | E12: SOMA | F12: =F10+F11 -> 1348.49
A14: 1.1.1.4 | B14: Encargos Sociais % | C14: % | D14: =Encargos_Sociais!B35 -> 0.716 | E14: =F12 -> 1348.49 | F14: =E14*D14 -> 965.52
A15: 1.1.1.5 | B15: Total por operário | F15: =SUM(F12:F14) -> 2314.01
A16: 1.1.1.6 | B16: Total do Efetivo | C16: funcionario(a) | D16: 1 | E16: =(F15) -> 2314.01 | F16: =D16*E16 -> 2314.01
B17: Valor a transportar | G17: =(F16) -> 2314.01
A19: 1.1.2 | B19: Auxiliar de serviços Gerais/Jardineiro - Rateio p/ 3 itens
B20: DISCRIMINAÇÃO | C20: UNIDADE | D20: QUANT. | E20: PREÇO | F20: SUB-TOTAL | G20: TOTAL
A21: 1.1.2.1 | B21: Horas Normais | C21: hora | D21: 220 | E21: =F21/D21 -> 2.68 | F21: =1765.86/3 -> 588.62
A22: 1.1.2.2 | B22: Insalubridade | D22: 0.2 | E22: =(F21) -> 588.62 | F22: =F21*D22 -> 117.72
A23: 1.1.2.3 | E23: SOMA | F23: =F21+F22 -> 706.34
A25: 1.1.2.4 | B25: Encargos Sociais % | C25: % | D25: =Encargos_Sociais!B35 -> 0.716 | E25: =F23 -> 706.34 | F25: =E25*D25 -> 505.74
A26: 1.1.2.5 | B26: Total por operário | F26: =SUM(F23:F25) -> 1212.08
A27: 1.1.2.6 | B27: Total do Efetivo | C27: funcionario(a) | D27: 2 | E27: =(F26) -> 1212.08 | F27: =D27*E27 -> 2424.16
B28: Valor a transportar | G28: =(F27) -> 2424.16
A30: 1.1.5 | B30: Motorista - Rateio p/ 3 itens
B31: DISCRIMINAÇÃO | C31: UNIDADE | D31: QUANT. | E31: PREÇO | F31: SUB-TOTAL | G31: TOTAL
A32: 1.1.5.1 | B32: Horas Normais | C32: hora | D32: 220 | E32: =F32/D32 -> 3.72 | F32: =2457/3 -> 819
A33: 1.1.5.2 | B33: Insalubridade | D33: 0.2 | E33: =(F32) -> 819 | F33: =F32*D33 -> 163.8
A34: 1.1.5.3 | E34: SOMA | F34: =F32+F33 -> 982.8
A36: 1.1.5.4 | B36: Encargos Sociais % | C36: % | D36: =Encargos_Sociais!B35 -> 0.716 | E36: =F34 -> 982.8 | F36: =E36*D36 -> 703.68
A37: 1.1.5.5 | B37: Total por operário | F37: =SUM(F34:F36) -> 1686.48
A38: 1.1.5.6 | B38: Total do Efetivo | C38: funcionario(a) | D38: 1 | E38: =(F37) -> 1686.48 | F38: =D38*E38 -> 1686.48
B39: Valor a transportar | G39: =(F38) -> 1686.48
A42: 1.2.1 | B42: Vale Transporte
B43: DISCRIMINAÇÃO | D43: QUANT. | E43: PREÇO | F43: SUB-TOTAL | G43: TOTAL
A44: 1.2.1.1 | B44: =B8 -> Preposto/Encarregado - Rateio p/ 3 itens | G44: =F45-F46 -> 162.93
B45: Vale transporte = 20(med) dias x 4 vales x quant func. | D45: =(20*4)*(D46) -> 80 | E45: 6.5 | F45: =SUM(E45*D45)/3 -> 173.33
B46: Desconto = até 6 % sobre salário basico | D46: =D16 -> 1 | E46: 6% | F46: =(F45*E46) -> 10.4
A47: 1.2.1.2 | B47: =B19 -> Auxiliar de serviços Gerais/Jardineiro - Rateio p/ 3 itens | G47: =F48-F49 -> 325.87
B48: Vale transporte = 20(med) dias x 4 vales x quant func. | D48: =(20*4)*(D49) -> 160 | E48: =E45 -> 6.5 | F48: =SUM(E48*D48)/3 -> 346.67
B49: Desconto = até 6 % sobre salário basico | D49: =D27 -> 2 | E49: 6% | F49: =(F48*E49) -> 20.8
A50: 1.2.1.3 | B50: =B30 -> Motorista - Rateio p/ 3 itens | G50: =F51-F52 -> 162.93
B51: Vale transporte = 20(med) dias x 4 vales x quant func. | D51: =(20*4)*(D52) -> 80 | E51: =E48 -> 6.5 | F51: =SUM(E51*D51)/3 -> 173.33
B52: Desconto = até 6 % sobre salário basico | D52: =D38 -> 1 | E52: 6% | F52: =(F51*E52) -> 10.4
B53: Valor a transportar | G53: =G44+G47+G50 -> 651.73
A55: 1.3.1 | B55: Vale Alimentação
B56: DISCRIMINAÇÃO | D56: QUANT. | E56: PREÇO | F56: SUB-TOTAL | G56: TOTAL
A57: 1.3.1.1 | B57: =B44 -> Preposto/Encarregado - Rateio p/ 3 itens | G57: =F58-F59 -> 146.61
B58: Desp. com Vale alimentação = 20(med) dias x quant func. | D58: =(20)*(D59) -> 20 | E58: 27.15 | F58: =(E58*D58)/3 -> 181
B59: Desconto vale alimentação até 19 % sobre salário basico | D59: =D46 -> 1 | E59: 0.19 | F59: =F58*E59 -> 34.39
A60: 1.3.1.2 | B60: =B47 -> Auxiliar de serviços Gerais/Jardineiro - Rateio p/ 3 itens | G60: =F61-F62 -> 293.22
B61: Desp. com Vale alimentação = 20(med) dias x quant func. | D61: =(20)*(D62) -> 40 | E61: =E58 -> 27.15 | F61: =(E61*D61)/3 -> 362
B62: Desconto vale alimentação até 19 % sobre salário basico | D62: =D49 -> 2 | E62: 0.19 | F62: =F61*E62 -> 68.78
A63: 1.3.1.2 | B63: =B50 -> Motorista - Rateio p/ 3 itens | G63: =F64-F65 -> 146.61
B64: Desp. com Vale alimentação = 20(med) dias x quant func. | D64: =(20)*(D65) -> 20 | E64: =E58 -> 27.15 | F64: =(E64*D64)/3 -> 181
B65: Desconto vale alimentação até 19 % sobre salário basico | D65: =D52 -> 1 | E65: 0.19 | F65: =F64*E65 -> 34.39
B66: Valor a transportar | G66: =G57+G60+G63 -> 586.44
A68: 1.4.1 | B68: Plano Beneficio Familiar
B69: DISCRIMINAÇÃO | D69: QUANT. | E69: PREÇO | F69: SUB-TOTAL | G69: TOTAL
A70: 1.4.1.1 | B70: =B57 -> Preposto/Encarregado - Rateio p/ 3 itens | G70: =F71 -> 8.5
B71: Desp. com Plano Beneficio Familiar = quant func.x preço un | D71: =D16 -> 1 | E71: 25.5 | F71: =(E71*D71)/3 -> 8.5
A72: 1.4.1.2 | B72: =B60 -> Auxiliar de serviços Gerais/Jardineiro - Rateio p/ 3 itens | G72: =F73 -> 17
B73: Desp. com Plano Beneficio Familiar = quant func.x preço un | D73: =D27 -> 2 | E73: =E71 -> 25.5 | F73: =(E73*D73)/3 -> 17
A74: 1.4.1.3 | B74: =B63 -> Motorista - Rateio p/ 3 itens | G74: =F75 -> 8.5
B75: Desp. com Plano Beneficio Familiar = quant func.x preço un | D75: =D65 -> 1 | E75: =E73 -> 25.5 | F75: =(E75*D75)/3 -> 8.5
B76: Valor a transportar | G76: =G70+G72+G74 -> 34
A78: 2 | B78: UNIFORMES E EQUIPAMENTOS DE PROTEÇÃO INDIVIDUAL E COLETIVA
A79: 2.1 | B79: =B70 -> Preposto/Encarregado - Rateio p/ 3 itens
B80: DESCRIÇAO | D80: QUANT./ANO | E80: PREÇO | F80: PREÇO/MÊS | G80: TOTAL
A81: 2.1.1 | B81: Calça | D81: 3 | E81: 72.2 | F81: =(D81)*E81/12/3 -> 6.02
A82: 2.1.2 | B82: Camiseta Longa | D82: 3 | E82: 52.07 | F82: =(D82)*E82/12/3 -> 4.34
A83: 2.1.3 | B83: Capa de chuva | D83: 1 | E83: 31.8 | F83: =(D83)*E83/12/3 -> 0.88
A84: 2.1.4 | B84: Perneira Segurança | D84: 0 | E84: 31.25 | F84: =(D84)*E84/12/3 -> 0
A85: 2.1.5 | B85: Avental de Raspa | D85: 0 | E85: 115.13 | F85: =(D85)*E85/12/3 -> 0
A86: 2.1.6 | B86: Protetor Solar | D86: 2 | E86: 29.74 | F86: =(D86)*E86/12/3 -> 1.65
A87: 2.1.7 | B87: Bone ou Chapeu Pescador | D87: 1 | E87: 30.09 | F87: =(D87)*E87/12/3 -> 0.84
A88: 2.1.8 | B88: Bone Tipo Touca Arabe com Proteçao Facial | D88: 0 | E88: 0 | F88: =(D88)*E88/12/3 -> 0
A89: 2.1.9 | B89: Botina Bico de Aço | D89: 2 | E89: 73.31 | F89: =(D89)*E89/12/3 -> 4.07
A90: 2.1.10 | B90: Protetor Facial com Viseira Incolor | D90: 0 | E90: 0 | F90: =(D90)*E90/12/3 -> 0
A91: 2.1.11 | B91: Protetor Auricular Tipo Concha | D91: 0 | E91: 59.04 | F91: =(D91)*E91/12/3 -> 0
A92: 2.1.12 | B92: Protetor Auricular silicone | D92: 0 | E92: 4.04 | F92: =(D92)*E92/12/3 -> 0
... A97: 2.1.17 | B97: Higienização Uniformes/EPIs | D97: 0 | E97: 100 | F97: =(D97)*E97/12/3 -> 0
B98: Total por operário por mês | F98: =SUM(F81:F97) -> 18.21
B99: Total para o efetivo | D99: =D16 -> 1 | E99: =(F98) -> 18.21 | F99: =SUM(D99*E99) -> 18.21
B100: Valor a transportar | G100: =(F99) -> 18.21
A102: 2 | B102: UNIFORMES E EQUIPAMENTOS DE PROTEÇÃO INDIVIDUAL E COLETIVA
A103: 2.2 | B103: =B72 -> Auxiliar de serviços Gerais/Jardineiro - Rateio p/ 3 itens
B104: DESCRIÇAO | D104: QUANT./ANO | E104: PREÇO | F104: PREÇO/MÊS | G104: TOTAL
A105: 2.2.1 | B105: Calça | D105: 16 | E105: 72.2 | F105: =(D105)*E105/12/3 -> 32.09
A106: 2.2.2 | B106: Camiseta Longa | D106: 16 | E106: 52.07 | F106: =(D106)*E106/12/3 -> 23.14
A107: 2.2.3 | B107: Capa de chuva | D107: 1 | E107: 31.8 | F107: =(D107)*E107/12/3 -> 0.88
A108: 2.2.4 | B108: Perneira Segurança | D108: 4 | E108: 31.25 | F108: =(D108)*E108/12/3 -> 3.47
A109: 2.2.5 | B109: Avental de Raspa | D109: 4 | E109: 115.13 | F109: =(D109)*E109/12/3 -> 12.79
A110: 2.2.6 | B110: Protetor Solar | D110: 12 | E110: 29.74 | F110: =(D110)*E110/12/3 -> 9.91
A111: 2.2.7 | B111: Bone ou Chapeu Pescador | D111: 4 | E111: 30.09 | F111: =(D111)*E111/12/3 -> 3.34
A112: 2.2.8 | B112: Bone Tipo Touca Arabe com Proteçao Facial | D112: 0 | E112: 0 | F112: =(D112)*E112/12/3 -> 0
A113: 2.2.9 | B113: Botina Bico de Aço | D113: 8 | E113: 73.31 | F113: =(D113)*E113/12/3 -> 16.29
A114: 2.2.10 | B114: Protetor Facial com Viseira Incolor | D114: 0 | E114: 0 | F114: =(D114)*E114/12/3 -> 0
A115: 2.2.11 | B115: Protetor Auricular Tipo Concha | D115: 2 | E115: 59.04 | F115: =(D115)*E115/12/3 -> 3.28
...

Sheet Calc_Pess_it_1_2
A1: CALCULO DESPESAS DE PESSOAL DE OPERAÇÃO E OUTROS SERVIÇOS TERCEIROS
A2: Lote 1 - item 1.2
A3: Valor Mensal | E3: =C11+C22 -> 12675.19
A4: Outras despesas de pessoal decorrentes de contratos de terceirização
C6: Valor Mensal | E6: Percentual
A7: item | B7: 1.1 | C7: =Iterm_1_2!G17+Iterm_1_2!G28+Iterm_1_2!G39 -> 6424.65 | E7: =C7/E3 -> 0.5069
A8: item | B8: 1.2 | C8: =Iterm_1_2!G53 -> 651.73 | E8: =C8/E3 -> 0.0514
A9: item | B9: 1.3 | C9: =Iterm_1_2!G66 -> 586.44 | E9: =C9/E3 -> 0.0463
A10: item | B10: 1.4 | C10: =Iterm_1_2!G76 -> 34 | E10: =C10/E3 -> 0.0027
A11: Valor Total | C11: =SUM(C7:D10) -> 7696.82 | E11: =SUM(E7:F10) -> 0.6073
A13: Valor Mensal | E13: =E3 -> 12675.19
A14: Outros Serviços de Terceiros
C16: Valor Mensal | E16: Percentual
A17: item | B17: 2.0 | C17: =Iterm_1_2!G100+Iterm_1_2!G124+Iterm_1_2!G148 -> 171.77 | E17: =C17/E3 -> 0.0136
A18: item | B18: 3.0 | C18: =Iterm_1_2!G154 -> 0 | E18: =C18/E3 -> 0
A19: item | B19: 4.0 | C19: =Iterm_1_2!F175+Iterm_1_2!F195+Iterm_1_2!F211+Iterm_1_2!F226+Iterm_1_2!F240 -> 3763.47 | E19: =C19/E3 -> 0.2969
A20: item | B20: 5.0 | C20: =Iterm_1_2!G251+Iterm_1_2!G261 -> 875.09 | E20: =C20/E3 -> 0.069
A21: item | B21: 6.0 | C21: =Iterm_1_2!G276 -> 168.04 | E21: =C21/E3 -> 0.0133
A22: Valor Total | C22: =SUM(C17:D21) -> 4978.37 | E22: =SUM(E17:F21) -> 0.3928
A25: Outras despesas de pessoal decorrentes de contratos de terceirização | G25: Percentual
A26: Valor Sub-Total | E26: =C11 -> 7696.82 | G26: =E26/E32 -> 0.6072
A28: Outros Serviços de Terceiros | G28: Percentual
A29: Valor Sub-Total | E29: =C22 -> 4978.37 | G29: =E29/E32 -> 0.3928
A31: TOTAL GERAL | G31: Percentual
A32: Valor Geral | E32: =E26+E29 -> 12675.19 | G32: =G26+G29 -> 1
A34: obs: | B34: Não está computado o valor de Mark-up
B35: não se enquadra nos itens supracitados
B36: BDI | E36: =Iterm_1_2!F282 -> 2905.15
B38: Total Geral | E38: =E32+E36 -> 15580.34

Sheet Iterm_1_3
B1: MUNICÍPIO DE SANTA ROSA
B2: SECRETARIA DE ADMINISTRAÇÃO E FAZENDA
B3: Departamento de Contabilidade e Finanças
B4: PLANILHA DE CUSTOS PARA SERVIÇOS CONTINUADOS SEM DEDICAÇÃO EXCLUSIVA
B5: Roçada nas areas internas das unidades escolares municipais
A6: 1 | B6: MÃO-DE-OBRA | D6: Lote 1 - item 1.3
A7: 1.1 | B7: MÃO-DE-OBRA DIRETA / Calculo Proporcional ao Número de Itens
A8: 1.1.1 | B8: Preposto/Encarregado - Rateio p/ 3 itens
B9: DISCRIMINAÇÃO | C9: UNIDADE | D9: QUANT. | E9: PREÇO | F9: SUB-TOTAL | G9: TOTAL
A10: 1.1.1.1 | B10: Horas Normais | C10: hora | D10: 220 | E10: =F10/D10 -> 6.13 | F10: =4045.46/3 -> 1348.49
A11: 1.1.1.2 | B11: Insalubridade | D11: 0 | E11: =(F10) -> 1348.49 | F11: =F10*D11 -> 0
A12: 1.1.1.3 | E12: SOMA | F12: =F10+F11 -> 1348.49
A14: 1.1.1.4 | B14: Encargos Sociais % | C14: % | D14: =Encargos_Sociais!B35 -> 0.716 | E14: =F12 -> 1348.49 | F14: =E14*D14 -> 965.52
A15: 1.1.1.5 | B15: Total por operário | F15: =SUM(F12:F14) -> 2314.01
A16: 1.1.1.6 | B16: Total do Efetivo | C16: funcionario(a) | D16: 1 | E16: =(F15) -> 2314.01 | F16: =D16*E16 -> 2314.01
B17: Valor a transportar | G17: =(F16) -> 2314.01
A19: 1.1.2 | B19: Auxiliar de serviços Gerais/Jardineiro - Rateio p/ 3 itens
B20: DISCRIMINAÇÃO | C20: UNIDADE | D20: QUANT. | E20: PREÇO | F20: SUB-TOTAL | G20: TOTAL
A21: 1.1.2.1 | B21: Horas Normais | C21: hora | D21: 220 | E21: =F21/D21 -> 2.68 | F21: =1765.86/3 -> 588.62
A22: 1.1.2.2 | B22: Insalubridade | D22: 0.2 | E22: =(F21) -> 588.62 | F22: =F21*D22 -> 117.72
A23: 1.1.2.3 | E23: SOMA | F23: =F21+F22 -> 706.34
A25: 1.1.2.4 | B25: Encargos Sociais % | C25: % | D25: =Encargos_Sociais!B35 -> 0.716 | E25: =F23 -> 706.34 | F25: =E25*D25 -> 505.74
A26: 1.1.2.5 | B26: Total por operário | F26: =SUM(F23:F25) -> 1212.08
A27: 1.1.2.6 | B27: Total do Efetivo | C27: funcionario(a) | D27: 2 | E27: =(F26) -> 1212.08 | F27: =D27*E27 -> 2424.16
B28: Valor a transportar | G28: =(F27) -> 2424.16
A30: 1.1.5 | B30: Motorista - Rateio p/ 3 itens
B31: DISCRIMINAÇÃO | C31: UNIDADE | D31: QUANT. | E31: PREÇO | F31: SUB-TOTAL | G31: TOTAL
A32: 1.1.5.1 | B32: Horas Normais | C32: hora | D32: 220 | E32: =F32/D32 -> 3.72 | F32: =2457/3 -> 819
A33: 1.1.5.2 | B33: Insalubridade | D33: 0.2 | E33: =(F32) -> 819 | F33: =F32*D33 -> 163.8
A34: 1.1.5.3 | E34: SOMA | F34: =F32+F33 -> 982.8
A36: 1.1.5.4 | B36: Encargos Sociais % | C36: % | D36: =Encargos_Sociais!B35 -> 0.716 | E36: =F34 -> 982.8 | F36: =E36*D36 -> 703.68
A37: 1.1.5.5 | B37: Total por operário | F37: =SUM(F34:F36) -> 1686.48
A38: 1.1.5.6 | B38: Total do Efetivo | C38: funcionario(a) | D38: 1 | E38: =(F37) -> 1686.48 | F38: =D38*E38 -> 1686.48
B39: Valor a transportar | G39: =(F38) -> 1686.48
A42: 1.2.1 | B42: Vale Transporte
B43: DISCRIMINAÇÃO | D43: QUANT. | E43: PREÇO | F43: SUB-TOTAL | G43: TOTAL
A44: 1.2.1.1 | B44: =B8 -> Preposto/Encarregado - Rateio p/ 3 itens | G44: =F45-F46 -> 162.93
B45: Vale transporte = 20(med) dias x 4 vales x quant func. | D45: =(20*4)*(D46) -> 80 | E45: 6.5 | F45: =SUM(E45*D45)/3 -> 173.33
B46: Desconto = até 6 % sobre salário basico | D46: =D16 -> 1 | E46: 6% | F46: =(F45*E46) -> 10.4
A47: 1.2.1.2 | B47: =B19 -> Auxiliar de serviços Gerais/Jardineiro - Rateio p/ 3 itens | G47: =F48-F49 -> 325.87
B48: Vale transporte = 20(med) dias x 4 vales x quant func. | D48: =(20*4)*(D49) -> 160 | E48: =E45 -> 6.5 | F48: =SUM(E48*D48)/3 -> 346.67
B49: Desconto = até 6 % sobre salário basico | D49: =D27 -> 2 | E49: 6% | F49: =(F48*E49) -> 20.8
A50: 1.2.1.3 | B50: =B30 -> Motorista - Rateio p/ 3 itens | G50: =F51-F52 -> 162.93
B51: Vale transporte = 20(med) dias x 4 vales x quant func. | D51: =(20*4)*(D52) -> 80 | E51: =E48 -> 6.5 | F51: =SUM(E51*D51)/3 -> 173.33
B52: Desconto = até 6 % sobre salário basico | D52: =D38 -> 1 | E52: 6% | F52: =(F51*E52) -> 10.4
B53: Valor a transportar | G53: =G44+G47+G50 -> 651.73
A55: 1.3.1 | B55: Vale Alimentação
B56: DISCRIMINAÇÃO | D56: QUANT. | E56: PREÇO | F56: SUB-TOTAL | G56: TOTAL
A57: 1.3.1.1 | B57: =B44 -> Preposto/Encarregado - Rateio p/ 3 itens | G57: =F58-F59 -> 146.61
B58: Desp. com Vale alimentação = 20(med) dias x quant func. | D58: =(20)*(D59) -> 20 | E58: 27.15 | F58: =(E58*D58)/3 -> 181
B59: Desconto vale alimentação até 19 % sobre salário basico | D59: =D46 -> 1 | E59: 0.19 | F59: =F58*E59 -> 34.39
A60: 1.3.1.2 | B60: =B47 -> Auxiliar de serviços Gerais/Jardineiro - Rateio p/ 3 itens | G60: =F61-F62 -> 293.22
B61: Desp. com Vale alimentação = 20(med) dias x quant func. | D61: =(20)*(D62) -> 40 | E61: =E58 -> 27.15 | F61: =(E61*D61)/3 -> 362
B62: Desconto vale alimentação até 19 % sobre salário basico | D62: =D49 -> 2 | E62: 0.19 | F62: =F61*E62 -> 68.78
A63: 1.3.1.2 | B63: =B50 -> Motorista - Rateio p/ 3 itens | G63: =F64-F65 -> 146.61
B64: Desp. com Vale alimentação = 20(med) dias x quant func. | D64: =(20)*(D65) -> 20 | E64: =E58 -> 27.15 | F64: =(E64*D64)/3 -> 181
B65: Desconto vale alimentação até 19 % sobre salário basico | D65: =D52 -> 1 | E65: 0.19 | F65: =F64*E65 -> 34.39
B66: Valor a transportar | G66: =G57+G60+G63 -> 586.44
A68: 1.4.1 | B68: Plano Beneficio Familiar
B69: DISCRIMINAÇÃO | D69: QUANT. | E69: PREÇO | F69: SUB-TOTAL | G69: TOTAL
A70: 1.4.1.1 | B70: =B57 -> Preposto/Encarregado - Rateio p/ 3 itens | G70: =F71 -> 8.5
B71: Desp. com Plano Beneficio Familiar = quant func.x preço un | D71: =D16 -> 1 | E71: 25.5 | F71: =(E71*D71)/3 -> 8.5
A72: 1.4.1.2 | B72: =B60 -> Auxiliar de serviços Gerais/Jardineiro - Rateio p/ 3 itens | G72: =F73 -> 17
B73: Desp. com Plano Beneficio Familiar = quant func.x preço un | D73: =D27 -> 2 | E73: =E71 -> 25.5 | F73: =(E73*D73)/3 -> 17
A74: 1.4.1.3 | B74: =B63 -> Motorista - Rateio p/ 3 itens | G74: =F75 -> 8.5
B75: Desp. com Plano Beneficio Familiar = quant func.x preço un | D75: =D65 -> 1 | E75: =E73 -> 25.5 | F75: =(E75*D75)/3 -> 8.5
B76: Valor a transportar | G76: =G70+G72+G74 -> 34
A78: 2 | B78: UNIFORMES E EQUIPAMENTOS DE PROTEÇÃO INDIVIDUAL E COLETIVA
A79: 2.1 | B79: =B70 -> Preposto/Encarregado - Rateio p/ 3 itens
B80: DESCRIÇAO | D80: QUANT./ANO | E80: PREÇO | F80: PREÇO/MÊS | G80: TOTAL
A81: 2.1.1 | B81: Calça | D81: 3 | E81: 72.2 | F81: =(D81)*E81/12/3 -> 6.02
A82: 2.1.2 | B82: Camiseta Longa | D82: 3 | E82: 52.07 | F82: =(D82)*E82/12/3 -> 4.34
A83: 2.1.3 | B83: Capa de chuva | D83: 1 | E83: 31.8 | F83: =(D83)*E83/12/3 -> 0.88
A84: 2.1.4 | B84: Perneira Segurança | D84: 0 | E84: 31.25 | F84: =(D84)*E84/12/3 -> 0
A85: 2.1.5 | B85: Avental de Raspa | D85: 0 | E85: 115.13 | F85: =(D85)*E85/12/3 -> 0
A86: 2.1.6 | B86: Protetor Solar | D86: 2 | E86: 29.74 | F86: =(D86)*E86/12/3 -> 1.65
A87: 2.1.7 | B87: Bone ou Chapeu Pescador | D87: 1 | E87: 30.09 | F87: =(D87)*E87/12/3 -> 0.84
A88: 2.1.8 | B88: Bone Tipo Touca Arabe com Proteçao Facial | D88: 0 | E88: 0 | F88: =(D88)*E88/12/3 -> 0
A89: 2.1.9 | B89: Botina Bico de Aço | D89: 2 | E89: 73.31 | F89: =(D89)*E89/12/3 -> 4.07
A90: 2.1.10 | B90: Protetor Facial com Viseira Incolor | D90: 0 | E90: 0 | F90: =(D90)*E90/12/3 -> 0
A91: 2.1.11 | B91: Protetor Auricular Tipo Concha | D91: 0 | E91: 59.04 | F91: =(D91)*E91/12/3 -> 0
A92: 2.1.12 | B92: Protetor Auricular silicone | D92: 0 | E92: 4.04 | F92: =(D92)*E92/12/3 -> 0
... A97: 2.1.17 | B97: Higienização Uniformes/EPIs | D97: 0 | E97: 100 | F97: =(D97)*E97/12/3 -> 0
B98: Total por operário por mês | F98: =SUM(F81:F97) -> 18.21
B99: Total para o efetivo | D99: =D16 -> 1 | E99: =(F98) -> 18.21 | F99: =SUM(D99*E99) -> 18.21
B100: Valor a transportar | G100: =(F99) -> 18.21
A102: 2 | B102: UNIFORMES E EQUIPAMENTOS DE PROTEÇÃO INDIVIDUAL E COLETIVA
A103: 2.2 | B103: =B72 -> Auxiliar de serviços Gerais/Jardineiro - Rateio p/ 3 itens
B104: DESCRIÇAO | D104: QUANT./ANO | E104: PREÇO | F104: PREÇO/MÊS | G104: TOTAL
A105: 2.2.1 | B105: Calça | D105: 16 | E105: 72.2 | F105: =(D105)*E105/12/3 -> 32.09
A106: 2.2.2 | B106: Camiseta Longa | D106: 16 | E106: 52.07 | F106: =(D106)*E106/12/3 -> 23.14
A107: 2.2.3 | B107: Capa de chuva | D107: 1 | E107: 31.8 | F107: =(D107)*E107/12/3 -> 0.88
A108: 2.2.4 | B108: Perneira Segurança | D108: 4 | E108: 31.25 | F108: =(D108)*E108/12/3 -> 3.47
A109: 2.2.5 | B109: Avental de Raspa | D109: 4 | E109: 115.13 | F109: =(D109)*E109/12/3 -> 12.79
A110: 2.2.6 | B110: Protetor Solar | D110: 12 | E110: 29.74 | F110: =(D110)*E110/12/3 -> 9.91
A111: 2.2.7 | B111: Bone ou Chapeu Pescador | D111: 4 | E111: 30.09 | F111: =(D111)*E111/12/3 -> 3.34
A112: 2.2.8 | B112: Bone Tipo Touca Arabe com Proteçao Facial | D112: 0 | E112: 0 | F112: =(D112)*E112/12/3 -> 0
A113: 2.2.9 | B113: Botina Bico de Aço | D113: 8 | E113: 73.31 | F113: =(D113)*E113/12/3 -> 16.29
A114: 2.2.10 | B114: Protetor Facial com Viseira Incolor | D114: 0 | E114: 0 | F114: =(D114)*E114/12/3 -> 0
A115: 2.2.11 | B115: Protetor Auricular Tipo Concha | D115: 2 | E115: 59.04 | F115: =(D115)*E115/12/3 -> 3.28
...

Sheet Calc_Pess_it_1_3
A1: CALCULO DESPESAS DE PESSOAL DE OPERAÇÃO E OUTROS SERVIÇOS TERCEIROS
A2: Lote 1 - item 1.3
A3: Valor Mensal | E3: =C11+C22 -> 12675.19
A4: Outras despesas de pessoal decorrentes de contratos de terceirização
C6: Valor Mensal | E6: Percentual
A7: item | B7: 1.1 | C7: =Iterm_1_2!G17+Iterm_1_2!G28+Iterm_1_2!G39 -> 6424.65 | E7: =C7/E3 -> 0.5069
A8: item | B8: 1.2 | C8: =Iterm_1_2!G53 -> 651.73 | E8: =C8/E3 -> 0.0514
A9: item | B9: 1.3 | C9: =Iterm_1_2!G66 -> 586.44 | E9: =C9/E3 -> 0.0463
A10: item | B10: 1.4 | C10: =Iterm_1_2!G76 -> 34 | E10: =C10/E3 -> 0.0027
A11: Valor Total | C11: =SUM(C7:D10) -> 7696.82 | E11: =SUM(E7:F10) -> 0.6073
A13: Valor Mensal | E13: =E3 -> 12675.19
A14: Outros Serviços de Terceiros
C16: Valor Mensal | E16: Percentual
A17: item | B17: 2.0 | C17: =Iterm_1_2!G100+Iterm_1_2!G124+Iterm_1_2!G148 -> 171.77 | E17: =C17/E3 -> 0.0136
A18: item | B18: 3.0 | C18: =Iterm_1_2!G154 -> 0 | E18: =C18/E3 -> 0
A19: item | B19: 4.0 | C19: =Iterm_1_2!F175+Iterm_1_2!F195+Iterm_1_2!F211+Iterm_1_2!F226+Iterm_1_2!F240 -> 3763.47 | E19: =C19/E3 -> 0.2969
A20: item | B20: 5.0 | C20: =Iterm_1_2!G251+Iterm_1_2!G261 -> 875.09 | E20: =C20/E3 -> 0.069
A21: item | B21: 6.0 | C21: =Iterm_1_2!G276 -> 168.04 | E21: =C21/E3 -> 0.0133
A22: Valor Total | C22: =SUM(C17:D21) -> 4978.37 | E22: =SUM(E17:F21) -> 0.3928
A25: Outras despesas de pessoal decorrentes de contratos de terceirização | G25: Percentual
A26: Valor Sub-Total | E26: =C11 -> 7696.82 | G26: =E26/E32 -> 0.6072
A28: Outros Serviços de Terceiros | G28: Percentual
A29: Valor Sub-Total | E29: =C22 -> 4978.37 | G29: =E29/E32 -> 0.3928
A31: TOTAL GERAL | G31: Percentual
A32: Valor Geral | E32: =E26+E29 -> 12675.19 | G32: =G26+G29 -> 1
A34: obs: | B34: Não está computado o valor de Mark-up
B35: não se enquadra nos itens supracitados
B36: BDI | E36: =Iterm_1_2!F282 -> 2905.15
B38: Total Geral | E38: =E32+E36 -> 15580.34

Sheet Metragens Anual
A1: PLANILHA DE METRAGENS ANUAL POR LOTES/ITENS
A2: Lote 01 | B2: qtde | C2: un
A3: 1.1 | B3: 435316 | C3: M² | D3: Corte Grama areas internas das unidades escolares municipais
A4: 1.2 | B4: 37284.2 | C4: M² | D4: Corte Grama nos passeios das unidades escolares municipais
A5: 1.3 | B5: 20640.18 | C5: M² | D5: Roçada nas areas internas das unidades escolares municipais
A6: TOTAL | B6: =SUM(B3:B5) -> 493240.38

Sheet Tot__Itens
A1: ITENS PROPOSTA - FORMAÇÃO DE PREÇO
A2: Lote 01 | B2: Descrição | C2: Unid. | D2: Quant. Estim. Anual | E2: R$ Unit. | F2: R$ Total Anual | G2: R$ Total Anual
A3: 1.1 | B3: Corte Grama areas internas das unidades escolares municipais | C3: m² | D3: 435316 | E3: =Iterm_1_1!F285 -> 0.41 | F3: =E3*D3 -> 178479.56 | G3: =Iterm_1_1!F289 -> 178479.56
A4: 1.2 | B4: ='Metragens Anual'!D4 -> Corte Grama nos passeios das unidades escolares municipais | C4: m² | D4: 37284.2 | E4: =Iterm_1_2!F285 -> 0.41 | F4: =E4*D4 -> 15286.52 | G4: =Iterm_1_2!F289 -> 15286.52
A5: 1.3 | B5: ='Metragens Anual'!D5 -> Roçada nas areas internas das unidades escolares municipais | C5: m² | D5: 20640.18 | E5: =Iterm_1_3!F285 -> 0.41 | F5: =E5*D5 -> 8462.47 | G5: =Iterm_1_3!F289 -> 8462.47
A6: Totais | F6: =SUM(F3:F5) -> 202228.55 | G6: =SUM(G3:G5) -> 202228.55
A7: Total Geral | F7: =F6 -> 202228.55 | G7: =G6 -> 202228.55
A10: 1.1 Corte Grama areas internas das unidades escolares municipais
A11: Mês | B11: Quantidade de cortes mensais | C11: Metragem da area de corte | D11: Metragem total mensal | E11: Valor mensal R$
A12: janeiro | B12: 2 | C12: 21765.8 | D12: =B12*C12 -> 43531.6 | E12: =D12*0.41 -> 17847.96
A13: fevereiro | B13: 2 | C13: 21765.8 | D13: =B13*C13 -> 43531.6 | E13: =D13*0.41 -> 17847.96
A14: março | B14: 2 | C14: 21765.8 | D14: =B14*C14 -> 43531.6 | E14: =D14*0.41 -> 17847.96
A15: abril | B15: 2 | C15: 21765.8 | D15: =B15*C15 -> 43531.6 | E15: =D15*0.41 -> 17847.96
A16: maio | B16: 1 | C16: 21765.8 | D16: =B16*C16 -> 21765.8 | E16: 8923.97
A17: junho | B17: 1 | C17: 21765.8 | D17: =B17*C17 -> 21765.8 | E17: 8923.97
A18: julho | B18: 1 | C18: 21765.8 | D18: =B18*C18 -> 21765.8 | E18: 8923.97
A19: agosto | B19: 1 | C19: 21765.8 | D19: =B19*C19 -> 21765.8 | E19: 8923.97
A20: setembro | B20: 2 | C20: 21765.8 | D20: =B20*C20 -> 43531.6 | E20: =D20*0.41 -> 17847.96
A21: outubro | B21: 2 | C21: 21765.8 | D21: =B21*C21 -> 43531.6 | E21: =D21*0.41 -> 17847.96
A22: novembro | B22: 2 | C22: 21765.8 | D22: =B22*C22 -> 43531.6 | E22: =D22*0.41 -> 17847.96
A23: dezembro | B23: 2 | C23: 21765.8 | D23: =B23*C23 -> 43531.6 | E23: =D23*0.41 -> 17847.96
D24: =SUM(D12:D23) -> 435316 | E24: =SUM(E12:E23) -> 178479.56
A26: 1.2 Corte Grama nos passeios das unidades escolares municipais
A27: Mês | B27: Quantidade de cortes mensais | C27: Metragem da area de corte | D27: Metragem total mensal | E27: Valor mensal R$
A28: janeiro | B28: 2 | C28: 1864.21 | D28: =C28*B28 -> 3728.42 | E28: =D28*$E$4 -> 1528.65
A29: fevereiro | B29: 2 | C29: 1864.21 | D29: =C29*B29 -> 3728.42 | E29: =D29*$E$4 -> 1528.65
A30: março | B30: 2 | C30: 1864.21 | D30: =C30*B30 -> 3728.42 | E30: =D30*$E$4 -> 1528.65
A31: abril | B31: 2 | C31: 1864.21 | D31: =C31*B31 -> 3728.42 | E31: =D31*$E$4 -> 1528.65
A32: maio | B32: 1 | C32: 1864.21 | D32: =C32*B32 -> 1864.21 | E32: =D32*$E$4 -> 764.33
A33: junho | B33: 1 | C33: 1864.21 | D33: =C33*B33 -> 1864.21 | E33: =D33*$E$4 -> 764.33
A34: julho | B34: 1 | C34: 1864.21 | D34: =C34*B34 -> 1864.21 | E34: =D34*$E$4 -> 764.33
A35: agosto | B35: 1 | C35: 1864.21 | D35: =C35*B35 -> 1864.21 | E35: =D35*$E$4 -> 764.33
A36: setembro | B36: 2 | C36: 1864.21 | D36: =C36*B36 -> 3728.42 | E36: =D36*$E$4 -> 1528.65
A37: outubro | B37: 2 | C37: 1864.21 | D37: =C37*B37 -> 3728.42 | E37: =D37*$E$4 -> 1528.65
A38: novembro | B38: 2 | C38: 1864.21 | D38: =C38*B38 -> 3728.42 | E38: =D38*$E$4 -> 1528.65
A39: dezembro | B39: 2 | C39: 1864.21 | D39: =C39*B39 -> 3728.42 | E39: =D39*$E$4 -> 1528.65
D40: =SUM(D28:D39) -> 37284.2 | E40: =SUM(E28:E39) -> 15286.52
A42: 1.3 Roçada nas areas internas das unidades escolares municipais
A43: Bimestre | B43: Quantidade de cortes bimestrais | C43: Metragem da area de corte | D43: Metragem total Bimestral | E43: Valor Bimestral R$
A44: 1 | B44: 1 | C44: 3440.03 | D44: =C44*B44 -> 3440.03 | E44: =D44*$E$5 -> 1410.412
A45: 2 | B45: 1 | C45: 3440.03 | D45: =C45*B45 -> 3440.03 | E45: =D45*$E$5 -> 1410.412
A46: 3 | B46: 1 | C46: 3440.03 | D46: =C46*B46 -> 3440.03 | E46: =D46*$E$5 -> 1410.412
A47: 4 | B47: 1 | C47: 3440.03 | D47: =C47*B47 -> 3440.03 | E47: =D47*$E$5 -> 1410.412
A48: 5 | B48: 1 | C48: 3440.03 | D48: =C48*B48 -> 3440.03 | E48: =D48*$E$5 -> 1410.412
A49: 6 | B49: 1 | C49: 3440.03 | D49: =C49*B49 -> 3440.03 | E49: =D49*$E$5 -> 1410.412
D50: =SUM(D44:D49) -> 20640.18 | E50: =D50*0.41 -> 8462.47

Sheet Encargos_Sociais
A2: Encargos Sociais
A3: Previdência Social | B3: 0.2
A4: Sesi/Sesc | B4: 0.015
A5: Senai/Senac | B5: 0.01
A6: Incra | B6: 0.002
A7: Salário Educação | B7: 0.025
A8: FGTS | B8: 0.08
A9: Seguro Acidente do Trabalho | B9: 0.03
A10: Sebrae | B10: 0.006
A11: Grupo A | B11: =SUM(B3:B10) -> 0.368
A12: Encargos Trabalhistas
A13: 13° salário | B13: 0.0833
A14: 1/3 de férias | B14: 0.0278
A15: Incidência de encargos | B15: 0.0409
A16: Grupo B | B16: =B13+B14+B15 -> 0.152
A17: Custo Reposição Profissional Ausente
A18: Férias | B18: 0.0833
A19: Afastamento Maternidade | B19: 0
A20: Licença paternidade | B20: 0.0002
A21: Auxilio Doença | B21: 0.0166
A22: Faltas Legais | B22: 0.0082
A23: Acidente do Trabalho | B23: 0.0005
A24: Incidência de encargos | B24: 0.04
A25: Grupo C | B25: =SUM(B18:B24) -> 0.1488
A26: Provisão para rescisão
A27: Aviso Prédio Indenizado | B27: 0.0046
A28: Incidência FGTS sobre aviso prévio indenizado | B28: 0.016
A29: Multa FGTS s/aviso prévio indenizado | B29: 0.0266
A30: Aviso Prévio trabalhado | B30: 0
A31: Encargos sobre aviso prévio trabalhado | B31: 0
A32: FGTS Rescisões sem justa causa | B32: 0
A33: Grupo D | B33: =SUM(B27:B32) -> 0.0472
A35: Total | B35: =B11+B16+B25+B33 -> 0.716

Sheet BDI
A3: 4. Composição do BDI - Benefícios e Despesas Indiretas
D5: Referência estudo TCE
D6: 1° Quartil | E6: Médio | F6: 3° Quartil
A7: Administração Central | B7: AC | C7: 0.05 | D7: 0.0297 | E7: 0.0508 | F7: 0.0627
A8: Seguros/Riscos/Garantias | B8: SRG | C8: 0.01 | D8: =0.3%+0.56% -> 0.0086 | E8: =0.48%+0.85% -> 0.0133 | F8: =0.82%+0.89% -> 0.0171
A9: Lucro | B9: L | C9: 0.08 | D9: 0.0778 | E9: 0.1085 | F9: 0.1355
A10: Despesas Financeiras | B10: DF | C10: =(1+E10)^(E11/252)-1 -> 0.0023 | D10: i | E10: 0.12
A11: Tributos - ISS | B11: T | C11: 0.03 | D11: DU | E11: 5
A12: Tributos - PIS/COFINS | C12: 0.0365
A13: Fórmula para o cálculo do BDI:
A14: {[(1+AC+SRG) x (1+L) x (1+DF)] / (1-T)} -1
A15: Resultado do cálculo do BDI: | C15: =ROUND((((1+C7+C8)*(1+C9)*(1+C10))/(1-(C11+C12))-1),4) -> 0.2292 | D15: 0.2143 | E15: 0.2717 | F15: 0.3362

Sheet LOTE 1
A2: LOTE 1 | B2: 1.1. | C2: =Tot__Itens!F3 -> 178479.56
B3: 1.2. | C3: =Tot__Itens!F4 -> 15286.52
B4: 1.3. | C4: =Tot__Itens!F5 -> 8462.47
A5: TOTAL | C5: =SUM(C2:C4) -> 202228.55
C7: Substit. M.O. | D7: Outr. Serv
A8: 1.1. | B8: =Calc_Pess_it_1_1!E11 -> 0.6073 | C8: =C2*B8 -> 108390.64 | D8: =C2*E8 -> 70088.92 | E8: 0.3927
A9: 1.2. | B9: =Calc_Pess_it_1_2!E11 -> 0.6073 | C9: =C3*B9 -> 9283.5 | D9: =C3*E9 -> 6003.02 | E9: 0.3927
A10: 1.3. | B10: =Calc_Pess_it_1_3!E11 -> 0.6073 | C10: =C4*B10 -> 5139.26 | D10: =C4*E10 -> 3323.21 | E10: 0.3927
A11: TOTAL LOTE 1 | C11: =SUM(C8:C10) -> 122813.4 | D11: =SUM(D8:D10) -> 79415.15 | E11: =C11+D11 -> 202228.55
